[Event "23rd ETCC Women 2021"]
[Site "Catez"]
[Date "2021.11.15"]
[Round "4.4"]
[White "Shuvalova, Polina"]
[Black "Melia, Salome"]
[Result "1-0"]
[ECO "B31"]
[WhiteElo "2515"]
[BlackElo "2371"]
[Annotator "ChessBase"]
[PlyCount "135"]
[EventDate "2021.11.08"]
[EventType "team-tourn"]
[EventCountry "SLO"]
[SourceTitle "playchess.com"]
[Source "ChessBase"]
[SourceQuality "1"]
[WhiteTeam "Russia"]
[BlackTeam "Georgia"]
[WhiteTeamCountry "RUS"]
[BlackTeamCountry "GEO"]
[TimeControl "40/5400+30:1800+30"]

1. e4 c5 2. Nf3 Nc6 3. Bb5 g6 4. Bxc6 dxc6 5. d3 Bg7 6. h3 Qc7 7. O-O h6 8. Nc3 e5 9. Be3 b6 10. a3 Ne7 11. b4 cxb4 12. axb4 O-O 13. Na4 Be6 14. Qc1 g5 15. Ra3 Rad8 16. Qa1 Rd7 17. Bc1 Ng6 18. Bb2 f5 19. exf5 Bxf5 20. Re1 Re7 21. d4 e4 22. Nd2 Nf4 23. Nf1 Qd6 24. Rb3 Rd8 25. b5 Bxd4 26. bxc6 Bxb2 27. Nxb2 Qxc6 28. Ne3 Be6 29. Ra3 a5 30. Na4 Rf7 31. Qe5 Ng6 32. Qc3 Qxc3 33. Nxc3 Rd4 34. Rb1 Rb4 35. Raa1 Kg7 36. Rxb4 axb4 37. Nxe4 Nf4 38. Rb1 Nd5 39. Nxd5 Bxd5 40. Rxb4 Bxe4 41. Rxe4 Rc7 42. Re2 b5 43. Kf1 b4 44. Ke1 h5 45. Kd2 Rd7+ 46. Kc1 Rd4 47. f3 Kf6 48. Re4 Rxe4 49. fxe4 Ke5 50. Kb2 Kxe4 51. Kb3 Kf4 52. Kxb4 Kg3 53. c4 Kxg2 54. c5 Kxh3 55. c6 g4 56. c7 h4 57. c8=Q Kg3 58.
Qc7+ Kg2 59. Qf4 Kh3 60. Qf1+ Kh2 61. Qf2+ Kh3 62. Qf5 Kg3 63. Kc3 h3 64. Kd2 h2 65. Qf1 Kh4 66. Qg2 g3 67. Ke2 Kg4 68.
Ke3 1-0

[Event "23rd ETCC Women 2021"]
[Site "Catez"]
[Date "2021.11.15"]
[Round "4.5"]
[White "Danielian, Elina"]
[Black "Brunello, Marina"]
[Result "1-0"]
[ECO "D02"]
[WhiteElo "2450"]
[BlackElo "2359"]
[Annotator "ChessBase"]
[PlyCount "95"]
[EventDate "2021.11.08"]
[EventType "team-tourn"]
[EventCountry "SLO"]
[SourceTitle "playchess.com"]
[Source "ChessBase"]
[SourceQuality "1"]
[WhiteTeam "Armenia"]
[BlackTeam "Italy"]
[WhiteTeamCountry "ARM"]
[BlackTeamCountry "ITA"]
[TimeControl "40/5400+30:1800+30"]

1. Nf3 d5 2. g3 c6 3. Bg2 Bg4 4. O-O e6 5. d4 Nf6 6. Nbd2 Nbd7 7. Re1 Be7 8.
e4 dxe4 9. Nxe4 Nxe4 10. Rxe4 Bh5 11. c3 O-O 12. Re1 Re8 13.
Qb3 Qb6 14. Nd2 a6 15. Nc4 Qb5 16. Bf4 Bg6 17. Bf1 h6 18. Qd1 Qf5 19. a4 Nf6 20. a5 Nd5 21. Be5 Rad8 22. g4 Qg5 23. Bg3 h5 24. Re5 Qh6 25.
gxh5 Bf5 26. Qf3 Bg5 27. h4 Be7 28. Rae1 Kh8 29. Kh2 Bf6 30.
R5e2 g6 31. Nd6 Rxd6 32. Bxd6 Bxh4 33. Bh3 Bg5 34. Be5+ f6 35. Bg3 Nf4 36. Bxf4 Bxf4+ 37. Kh1 e5 38. dxe5 fxe5 39. Bxf5 gxf5 40. Qh3 Qe6 41. Rg1 Rd8 42. f3 Rd7 43. Reg2 Rh7 44. Qh4 Rd7 45. Rg6 Qf7 46. h6 Qf8 47. Rg8+ Qxg8 48. Qf6+ 1-0

[Event "23rd ETCC Women 2021"]
[Site "Catez"]
[Date "2021.11.15"]
[Round "4.6"]
[White "Zimina, Olga"]
[Black "Mkrtchian, Lilit"]
[Result "1-0"]
[ECO "D02"]
[WhiteElo "2339"]
[BlackElo "2379"]
[Annotator "NA"]
[PlyCount "77"]
[EventDate "2021.11.08"]
[EventType "team-tourn"]
[EventCountry "SLO"]
[SourceTitle "playchess.com"]
[Source "ChessBase"]
[SourceQuality "1"]
[WhiteTeam "Italy"]
[BlackTeam "Armenia"]
[WhiteTeamCountry "ITA"]
[BlackTeamCountry "ARM"]
[TimeControl "40/5400+30:1800+30"]

1. d4 Nf6 2. Nf3 e6 3. g3 d5 4. Bg2 Nbd7 5. O-O b5 6. a4 b4 7. c4 bxc3 8. Nxc3 Ba6 9. Bf4 c6 10. Qc2 Be7 11. Rfc1 O-O 12. e4 Rc8 13. e5 Ne8 14. h4 c5 15. Nb5 Qb6 16. Bf1 cxd4 17. Qd1 Rxc1 18. Rxc1 Bb7 19. Nbxd4 Nc5 20. Be3 a6 21. Qc2 Ne4 22. Nf5 Qd8 23.
Nxe7+ Qxe7 24. Bd3 Qd7 25. Bd4 f6 26. b4 fxe5 27. Nxe5 Qd6 28. Qb2 N8f6 29. Bc5 Nxc5 30. bxc5 Qc7 31. c6 Bc8 32. Qd4 Ne8 33.
a5 Qxa5 34. c7 Nxc7 35. Ra1 Nb5 36. Bxh7+ Kh8 37. Qd1 Nc3 38. Ng6+ Kxh7 39. Qh5+ 1-0

[Event "23rd ETCC Women 2021"]
[Site "Catez"]
[Date "2021.11.15"]
[Round "4.7"]
[White "Sargsyan, Anna M."]
[Black "Sedina, Elena"]
[Result "1/2-1/2"]
[ECO "D02"]
[WhiteElo "2385"]
[BlackElo "2263"]
[Annotator "NA"]
[PlyCount "147"]
[EventDate "2021.11.08"]
[EventType "team-tourn"]
[EventCountry "SLO"]
[SourceTitle "playchess.com"]
[Source "ChessBase"]
[SourceQuality "1"]
[WhiteTeam "Armenia"]
[BlackTeam "Italy"]
[WhiteTeamCountry "ARM"]
[BlackTeamCountry "ITA"]
[TimeControl "40/5400+30:1800+30"]

1. d4 d5 2. Nf3 Nf6 3. Bf4 c5 4. e3 Nc6 5. Nbd2 e6 6. c3 Bd6 7. Bg5 O-O 8. Bd3 e5 9. dxe5 Nxe5 10. Nxe5 Bxe5 11. O-O h6 12. Bh4 Qb6 13. Qc2 Re8 14. Kh1 Bc7 15. c4 Qd6 16. Bg3 Qe7 17. cxd5 Bxg3 18. hxg3 Nxd5 19. Bb5 Bd7 20. Bxd7 Qxd7 21. Rad1 b6 22. a3 Rad8 23. e4 Nf6 24. f3 Qd3 25. Qc1 Qe3 26. Rfe1 Qf2 27. Nf1 h5 28. Kh2 h4 29. g4 g6 30. Rxd8 Rxd8 31. e5 Re8 32. Qd1 Nh7 33. Re2 Qd4 34. Qe1 Ng5 35. Qd2 Ne6 36. Qxd4 Nxd4 37. Re3 g5 38. Nd2 Nc6 39. Nc4 Re6 40. a4 Kg7 41. g3 hxg3+ 42. Kxg3 Kg6 43. f4 gxf4+ 44. Kxf4 Re8 45. Rh3 Rd8 46. Nd6 f6 47. Nf5 fxe5+ 48.
Ke4 Kg5 49. Rh7 Kxg4 50. Rc7 Nd4 51. Ne3+ Kg5 52. Rxa7 Nc6 53. Rg7+ Kf6 54. Rb7 Rd4+ 55. Kf3 Rf4+ 56. Kg3 Ke6 57. Rxb6 Kd7 58. Rb7+ Kc8 59. Rb5 Rxa4 60. Rxc5 Kd7 61. Nc4 Ra1 62. Kf3 Re1 63. Kf2 Re4 64. b3 Rh4 65. Rb5 Kc7 66. Ke1 Rd4 67. Rc5 Kd7 68. Ke2 e4 69. Rh5 Rd3 70. Rh7+ Kd8 71. Rh8+ Kc7 72. Rh7+ Kd8 73. Rh8+ Kc7 74. Rh7+ 1/2-1/2

[Event "23rd ETCC Women 2021"]
[Site "Catez"]
[Date "2021.11.15"]
[Round "4.8"]
[White "Movileanu, Daniela"]
[Black "Gaboyan, Susanna"]
[Result "1-0"]
[ECO "B33"]
[WhiteElo "2214"]
[BlackElo "2253"]
[Annotator "NA"]
[PlyCount "99"]
[EventDate "2021.11.08"]
[EventType "team-tourn"]
[EventCountry "SLO"]
[SourceTitle "playchess.com"]
[Source "ChessBase"]
[SourceQuality "1"]
[WhiteTeam "Italy"]
[BlackTeam "Armenia"]
[WhiteTeamCountry "ITA"]
[BlackTeamCountry "ARM"]
[TimeControl "40/5400+30:1800+30"]

1. e4 c5 2. Nf3 Nc6 3. d4 cxd4 4. Nxd4 Nf6 5. Nc3 e5 6.
Ndb5 d6 7. Bg5 a6 8. Na3 b5 9. Bxf6 gxf6 10. Nd5 f5 11. Bd3 Be6 12. c3 Bxd5 13. exd5 Ne7 14. Nxb5 Bg7 15. Na3 O-O 16. O-O e4 17. Bc2 Ng6 18. Nc4 Qh4 19. g3 Qh3 20. f4 Rfd8 21. Qe2 Ne7 22. Rfd1 Qh6 23. a4 a5 24. Ra3 Rdb8 25. Rb3 Rxb3 26. Bxb3 Nc8 27. Ne3 Qf6 28. Bc4 Qg6 29. Bb5 Bf6 30. Bc6 Rb8 31. Bd7 Ne7 32. Nc4 Ra8 33. Bc6 Rd8 34. Nxa5 h5 35. Bb5 h4 36. Qe3 Kg7 37. Nc6 Rh8 38.
Nxe7 Bxe7 39. Rd2 Kf8 40. Rg2 hxg3 41. Qxg3 Qh6 42. b4 Bh4 43. Qe3 Ke7 44. a5 Rc8 45. a6 Bf6 46. Bc6 Be5 47. Qa7+ Kf8 48.
Qd7 Qxf4 49. Qxc8+ Ke7 50. Qe8+ 1-0

[Event "23rd ETCC Women 2021"]
[Site "Catez"]
[Date "2021.11.15"]
[Round "4.9"]
[White "Repkova, Eva"]
[Black "Zawadzka, Jolanta"]
[Result "1-0"]
[ECO "B44"]
[WhiteElo "2307"]
[BlackElo "2429"]
[Annotator "NA"]
[PlyCount "77"]
[EventDate "2021.11.08"]
[EventType "team-tourn"]
[EventCountry "SLO"]
[SourceTitle "playchess.com"]
[Source "ChessBase"]
[SourceQuality "1"]
[WhiteTeam "Slovakia"]
[BlackTeam "Poland"]
[WhiteTeamCountry "SVK"]
[BlackTeamCountry "POL"]
[TimeControl "40/5400+30:1800+30"]

1. e4 c5 2. Nf3 e6 3. d4 cxd4 4. Nxd4 Nc6 5. Nb5 d6 6. c4 Nf6 7. N5c3 Be7 8. Be2 O-O 9. O-O b6 10. Bf4 Bb7 11. Re1 Rc8 12. Nd2 Nd4 13.
Bf1 e5 14. Be3 Ne6 15. Rc1 Nd7 16. Qc2 a6 17. Nf3 Nf6 18. Rcd1 Qc7 19. Nd5 Nxd5 20. exd5 Nc5 21. Ng5 g6 22. h4 f6 23. Nf3 f5 24. Bh6 Rf7 25.
b4 Ne4 26. Qb3 Kh8 27. Rc1 Bf6 28. Bd3 Qd7 29. Bxe4 fxe4 30. Rxe4 Qf5 31. Rce1 b5 32. c5 dxc5 33. bxc5 Rxc5 34. Nxe5 Bxe5 35. Rxe5 Qxf2+ 36. Kh2 Rf8 37. Re8 Rc8 38. Rxf8+ Rxf8 39. Qc3+ 1-0

[Event "23rd ETCC Women 2021"]
[Site "Catez"]
[Date "2021.11.15"]
[Round "4.10"]
[White "Cyfka, Karina"]
[Black "Hagarova, Zuzana"]
[Result "1-0"]
[ECO "E92"]
[WhiteElo "2416"]
[BlackElo "2292"]
[Annotator "NA"]
[PlyCount "59"]
[EventDate "2021.11.08"]
[EventType "team-tourn"]
[EventCountry "SLO"]
[SourceTitle "playchess.com"]
[Source "ChessBase"]
[SourceQuality "1"]
[WhiteTeam "Poland"]
[BlackTeam "Slovakia"]
[WhiteTeamCountry "POL"]
[BlackTeamCountry "SVK"]
[TimeControl "40/5400+30:1800+30"]

1. d4 Nf6 2. c4 g6 3. Nc3 Bg7 4. e4 d6 5. Nf3 O-O 6. Be2 e5 7. Be3 Ng4 8. Bg5 f6 9. Bc1 a5 10. h3 exd4 11. Nxd4 Ne5 12. O-O Nbc6 13. Ndb5 f5 14. f4 Nf7 15. Nd5 fxe4 16. Ndxc7 Rb8 17. Be3 Bxb2 18. Rb1 Bg7 19. c5 dxc5 20. Bxc5 Qh4 21. Qe1 Qh6 22. Bc4 Bf5 23. Nd6 Nd4 24. Rd1 Nc2 25. Qe2 b5 26. Bxf7+ Kh8 27. Qxc2 e3 28. Nxf5 gxf5 29. Bxf8 Rxf8 30. Ne6 1-0

[Event "23rd ETCC Women 2021"]
[Site "Catez"]
[Date "2021.11.15"]
[Round "4.12"]
[White "Socko, Monika"]
[Black "Motycakova, Monika"]
[Result "1-0"]
[ECO "A22"]
[WhiteElo "2393"]
[BlackElo "2119"]
[Annotator "NA"]
[PlyCount "55"]
[EventDate "2021.11.08"]
[EventType "team-tourn"]
[EventCountry "SLO"]
[SourceTitle "playchess.com"]
[Source "ChessBase"]
[SourceQuality "1"]
[WhiteTeam "Poland"]
[BlackTeam "Slovakia"]
[WhiteTeamCountry "POL"]
[BlackTeamCountry "SVK"]
[TimeControl "40/5400+30:1800+30"]

1. c4 e5 2. g3 Nf6 3. Bg2 d5 4. cxd5 Nxd5 5. Nc3 Nb6 6. e3 c5 7. Nge2 Nc6 8. O-O Be7 9. f4 exf4 10. Nxf4 O-O 11. b3 Bf5 12. Bb2 Qd7 13.
Ncd5 Nxd5 14. Nxd5 Bd6 15. Rc1 Nb4 16. Qf3 Nxd5 17. Qxd5 Be6 18. Qxb7 Qxb7 19. Bxb7 Rab8 20. Ba6 Bh3 21. Rf2 Rb6 22. Bc4 h5 23. Be2 h4 24. gxh4 Be7 25. h5 f5 26. Ba3 g6 27. Bxc5 Bxc5 28.
Rxc5 1-0

[Event "23rd ETCC Women 2021"]
[Site "Catez"]
[Date "2021.11.15"]
[Round "4.13"]
[White "Ushenina, Anna"]
[Black "Vega Gutierrez, Sabrina"]
[Result "1/2-1/2"]
[ECO "D35"]
[WhiteElo "2426"]
[BlackElo "2394"]
[Annotator "NA"]
[PlyCount "73"]
[EventDate "2021.11.08"]
[EventType "team-tourn"]
[EventCountry "SLO"]
[SourceTitle "playchess.com"]
[Source "ChessBase"]
[SourceQuality "1"]
[WhiteTeam "Ukraine"]
[BlackTeam "Spain"]
[WhiteTeamCountry "UKR"]
[BlackTeamCountry "ESP"]
[TimeControl "40/5400+30:1800+30"]

1. d4 d5 2. c4 e6 3. Nc3 Nf6 4. cxd5 exd5 5. Bg5 Be7 6. e3 c6 7. Bd3 Nbd7 8. Nge2 Nf8 9. O-O Ne6 10. Bh4 O-O 11. Qb1 g6 12. b4 a6 13. a4 Ng7 14. b5 axb5 15. axb5 Bf5 16. Bxf5 Nxf5 17. Bxf6 Bxf6 18. bxc6 bxc6 19. Qb7 Qc8 20. Qxc8 Rfxc8 21. Nf4 Bg5 22. Nce2 Bxf4 23. Nxf4 h5 24. Nd3 Kg7 25. g3 Kf8 26. Ne5 Rxa1 27. Rxa1 Rc7 28. Ra8+ Kg7 29. h3 c5 30. dxc5 d4 31. exd4 Nxd4 32. Rd8 Rxc5 33. Nd3 Ne6 34. Rd6 Rc8 35. Ne5 Rc5 36. Nd3 Rc8 37. Ne5 1/2-1/2

[Event "23rd ETCC Women 2021"]
[Site "Catez"]
[Date "2021.11.15"]
[Round "4.14"]
[White "Garcia Martin, Marta"]
[Black "Buksa, Nataliya"]
[Result "0-1"]
[ECO "B30"]
[WhiteElo "2324"]
[BlackElo "2410"]
[Annotator "ChessBase"]
[PlyCount "108"]
[EventDate "2021.11.08"]
[EventType "team-tourn"]
[EventCountry "SLO"]
[SourceTitle "playchess.com"]
[Source "ChessBase"]
[SourceQuality "1"]
[WhiteTeam "Spain"]
[BlackTeam "Ukraine"]
[WhiteTeamCountry "ESP"]
[BlackTeamCountry "UKR"]
[TimeControl "40/5400+30:1800+30"]

1. e4 c5 2. Nc3 Nc6 3. Bb5 Nd4 4. Nf3 e6 5. O-O a6 6. Bd3 Nc6 7. Nd5 d6 8. Ne3 Nf6 9. c3 d5 10. exd5 Nxd5 11. Nxd5 exd5 12. Re1+ Be7 13. Bc2 Bg4 14. a3 O-O 15. d4 Bxf3 16. Qxf3 cxd4 17. Qd3 g6 18. cxd4 Bf6 19. Bh6 Re8 20. Rxe8+ Qxe8 21. Be3 Qd8 22. Bb3 Na5 23. Rc1 b5 24. Bd1 Nc4 25. Qc3 Qb6 26. Bf3 Rd8 27. b3 Nxe3 28. fxe3 Qe6 29. Qd3 Bg5 30. Kf2 Qd6 31. Rc5 Qxh2 32. Rxd5 Bh4+ 33. Ke2 Re8 34. e4 Qg3 35. Kd1 Qe1+ 36. Kc2 Be7 37. b4 Rc8+ 38. Rc5 Bxc5 39. bxc5 h5 40. e5 a5 41. Qxb5 Qf2+ 42. Kc3 Qe1+ 43. Kc2 Qf2+ 44. Kc3 Qe1+ 45. Kc2 Rd8 46. d5 Qxe5 47. Qxa5 Rb8 48. Qc3 Qf5+ 49. Kd2 Qb1 50. Bd1 Qa2+ 51. Ke1 Qxg2 52. Qe5 Rb2 53. Qe8+ Kg7 54. Qe5+ Kh7 0-1

[Event "23rd ETCC Women 2021"]
[Site "Catez"]
[Date "2021.11.15"]
[Round "4.15"]
[White "Gaponenko, Inna"]
[Black "Matnadze, Ana"]
[Result "1/2-1/2"]
[ECO "B56"]
[WhiteElo "2339"]
[BlackElo "2418"]
[Annotator "NA"]
[PlyCount "78"]
[EventDate "2021.11.08"]
[EventType "team-tourn"]
[EventCountry "SLO"]
[SourceTitle "playchess.com"]
[Source "ChessBase"]
[SourceQuality "1"]
[WhiteTeam "Ukraine"]
[BlackTeam "Spain"]
[WhiteTeamCountry "UKR"]
[BlackTeamCountry "ESP"]
[TimeControl "40/5400+30:1800+30"]

1. e4 c5 2. Nf3 d6 3. d4 cxd4 4. Nxd4 Nf6 5. Nc3 Bd7 6. f3 e5 7. Nb3 Be7 8. Be3 O-O 9. Qd2 a5 10. a4 Be6 11. Be2 d5 12. exd5 Nxd5 13.
Nxd5 Bxd5 14. O-O-O Bxb3 15. Qxd8 Rxd8 16. Rxd8+ Bxd8 17. Rd1 Nc6 18. cxb3 Nd4 19. Bxd4 Bg5+ 20. Kc2 exd4 21. Rxd4 Kf8 22. b4 b6 23. bxa5 bxa5 24. b4 Rd8 25. Rxd8+ Bxd8 26. bxa5 Bxa5 27. Kd3 Ke7 28. Kc4 Kd6 29. Kb5 Bd2 30. a5 Be3 31. a6 h6 32. Bc4 f6 33. h4 g5 34. h5 f5 35. g4 fxg4 36. fxg4 Bf2 37. Bg8 Ba7 38. Kc4 Ke5 39. Kb5 Kd6 1/2-1/2

[Event "23rd ETCC Women 2021"]
[Site "Catez"]
[Date "2021.11.15"]
[Round "4.16"]
[White "Eizaguerri Floris, Maria"]
[Black "Zhukova, Natalia"]
[Result "1/2-1/2"]
[ECO "C78"]
[WhiteElo "2328"]
[BlackElo "2331"]
[Annotator "NA"]
[PlyCount "65"]
[EventDate "2021.11.08"]
[EventType "team-tourn"]
[EventCountry "SLO"]
[SourceTitle "playchess.com"]
[Source "ChessBase"]
[SourceQuality "1"]
[WhiteTeam "Spain"]
[BlackTeam "Ukraine"]
[WhiteTeamCountry "ESP"]
[BlackTeamCountry "UKR"]
[TimeControl "40/5400+30:1800+30"]

1. e4 e5 2. Nf3 Nc6 3. Bb5 a6 4. Ba4 Nf6 5. O-O b5 6. Bb3 Bc5 7. a4 Rb8 8. c3 d6 9. d4 Bb6 10. a5 Ba7 11. h3 O-O 12. Be3 Nxe4 13.
Bd5 exd4 14. Bxc6 dxe3 15. Bxe4 exf2+ 16. Kh1 Re8 17. Qd3 Qf6 18. Nd4 c5 19. Nc6 Bb7 20. Nd2 Qh4 21. Bd5 c4 22. Qf5 Bxc6 23. Qxf7+ Kh8 24. Bxc6 Re7 25. Qf5 d5 26. Nf3 Qf6 27. Qxf6 gxf6 28. Bxd5 Rd8 29. Bc6 Rd6 30. Ba8 Rd8 31. Bc6 Rd6 32. Ba8 Rd8 33. Bc6 1/2-1/2

[Event "23rd ETCC Women 2021"]
[Site "Catez"]
[Date "2021.11.15"]
[Round "4.17"]
[White "Paehtz, Elisabeth"]
[Black "Mammadzada, Gunay"]
[Result "1/2-1/2"]
[ECO "B22"]
[WhiteElo "2485"]
[BlackElo "2459"]
[Annotator "ChessBase"]
[PlyCount "111"]
[EventDate "2021.11.08"]
[EventType "team-tourn"]
[EventCountry "SLO"]
[SourceTitle "playchess.com"]
[Source "ChessBase"]
[SourceQuality "1"]
[WhiteTeam "Germany"]
[BlackTeam "Azerbaijan"]
[WhiteTeamCountry "GER"]
[BlackTeamCountry "AZE"]
[TimeControl "40/5400+30:1800+30"]

1. e4 c5 2. c3 Nf6 3. e5 Nd5 4. d4 cxd4 5. cxd4 d6 6. Nf3 Nc6 7. Bc4 dxe5 8.
dxe5 Ndb4 9. O-O Qxd1 10. Rxd1 Bg4 11. Nc3 e6 12. Be2 Be7 13. Bf4 Rc8 14. Rac1 Nb8 15. h3 Bh5 16. Nb5 Rxc1 17. Bxc1 O-O 18. g4 Bg6 19. a3 N4c6 20. Be3 b6 21. Rc1 Rd8 22. Nc7 Bd3 23. Bxd3 Rxd3 24. Na6 Nxa6 25. Rxc6 Nb8 26. Rc2 Rd5 27. Rc8+ Rd8 28. Rc3 Rd5 29. Bg5 f6 30. Bf4 Na6 31. b4 Kf7 32. Kg2 g5 33.
Be3 h6 34. exf6 Bxf6 35. Rc8 Rd7 36. Ra8 Rb7 37. Rc8 Rc7 38.
Ra8 Rb7 39. h4 Nc7 40. Rc8 Nd5 41. Bc1 Ne7 42. Rc4 Kg6 43. Re4 Rc7 44. Bd2 Rc6 45. hxg5 hxg5 46. Bxg5 Rd6 47. Bf4 Rd3 48. Rxe6 Kf7 49. Re3 Nd5 50. Re4 Rxa3 51. Bd6 Rb3 52. g5 Bc3 53. Nd4 Rb2 54. Nc6 Kg6 55. Be5 Kxg5 56. Bxc3 1/2-1/2

[Event "23rd ETCC Women 2021"]
[Site "Catez"]
[Date "2021.11.15"]
[Round "4.18"]
[White "Mammadova, Gulnar"]
[Black "Heinemann, Josefine"]
[Result "1-0"]
[ECO "B22"]
[WhiteElo "2395"]
[BlackElo "2336"]
[Annotator "ChessBase"]
[PlyCount "123"]
[EventDate "2021.11.08"]
[EventType "team-tourn"]
[EventCountry "SLO"]
[SourceTitle "playchess.com"]
[Source "ChessBase"]
[SourceQuality "1"]
[WhiteTeam "Azerbaijan"]
[BlackTeam "Germany"]
[WhiteTeamCountry "AZE"]
[BlackTeamCountry "GER"]
[TimeControl "40/5400+30:1800+30"]

1. e4 c5 2. c3 Nf6 3. e5 Nd5 4. Nf3 d6 5. exd6 e6 6. g3 Bxd6 7. Bg2 O-O 8.
O-O Qc7 9. d4 Nc6 10. dxc5 Bxc5 11. Nbd2 b6 12. c4 Nf6 13. b3 Bb7 14. Bb2 Qe7 15. Ng5 Bd4 16. Bxd4 Nxd4 17. Ndf3 Nxf3+ 18. Nxf3 e5 19. Re1 e4 20. Nd2 Rad8 21. Qc2 Rfe8 22. Re2 h6 23. Rae1 Rd4 24. h3 Qb4 25. Kh2 Red8 26. Nxe4 Bxe4 27. Bxe4 Rd2 28. Qb1 Nxe4 29. Qxe4 Qa3 30. Rxd2 Rxd2 31. Qa8+ Kh7 32. Qf3 Qc5 33. Kg2 Rxa2 34. Qxf7 Qc6+ 35. Kg1 Qf6 36. Qxf6 gxf6 37. g4 Kg6 38. Kg2 Rb2 39. Re3 h5 40. Kg3 hxg4 41. hxg4 f5 42. f3 fxg4 43. Kxg4 Kf6 44. Kf4 a5 45. Ke4 Ke6 46. f4 Rf2 47. Rh3 Kd6 48. Rf3 Re2+ 49. Kd4 Re1 50. f5 Rd1+ 51. Kc3 Ke5 52. f6 Rd8 53. f7 Rf8 54. Kd3 Rd8+ 55.
Ke3 Rf8 56. Rf1 Kd6 57. Kd4 Ke6 58. Ke4 Kd6 59. Rf6+ Kc5 60.
Ke5 b5 61. cxb5 Kxb5 62. Rf4 1-0

[Event "23rd ETCC Women 2021"]
[Site "Catez"]
[Date "2021.11.15"]
[Round "4.19"]
[White "Klek, Hanna Marie"]
[Black "Balajayeva, Khanim"]
[Result "1/2-1/2"]
[ECO "E05"]
[WhiteElo "2343"]
[BlackElo "2369"]
[Annotator "NA"]
[PlyCount "87"]
[EventDate "2021.11.08"]
[EventType "team-tourn"]
[EventCountry "SLO"]
[SourceTitle "playchess.com"]
[Source "ChessBase"]
[SourceQuality "1"]
[WhiteTeam "Germany"]
[BlackTeam "Azerbaijan"]
[WhiteTeamCountry "GER"]
[BlackTeamCountry "AZE"]
[TimeControl "40/5400+30:1800+30"]

1. c4 e6 2. g3 Nf6 3. Bg2 d5 4. Nf3 Be7 5. O-O O-O 6. d4 dxc4 7. Ne5 Nc6 8.
Bxc6 bxc6 9. Nxc6 Qd6 10. Qa4 Bb7 11. Nxe7+ Qxe7 12. Qxc4 Rfd8 13. Nc3 Nd5 14. Nxd5 Rxd5 15. e4 Rd6 16. Re1 Qd8 17. Bf4 Rxd4 18. Qxc7 Qxc7 19. Bxc7 Rc8 20. Rac1 Rxe4 21. Rxe4 Bxe4 22. f4 f6 23. Kf2 Kf7 24. Ke3 Bd5 25. b3 Ke8 26. Rc3 Kd7 27. Ba5 Rxc3+ 28. Bxc3 h5 29. Kd4 Kc6 30. Bb4 e5+ 31. fxe5 fxe5+ 32. Kxe5 g6 33. Bd2 a6 34. Be1 Bf3 35. Bd2 Bd1 36. Kd4 Bc2 37. Kc4 Bb1 38. a4 Bc2 39. Be3 Kb7 40. a5 Kc6 41. b4 Ba4 42. Bg5 Bb5+ 43.
Kd4 Ba4 44. Kc4 1/2-1/2

[Event "23rd ETCC Women 2021"]
[Site "Catez"]
[Date "2021.11.15"]
[Round "4.20"]
[White "Beydullayeva, Govhar"]
[Black "Lubbe, Melanie"]
[Result "1-0"]
[ECO "B38"]
[WhiteElo "2278"]
[BlackElo "2311"]
[Annotator "NA"]
[PlyCount "109"]
[EventDate "2021.11.08"]
[EventType "team-tourn"]
[EventCountry "SLO"]
[SourceTitle "playchess.com"]
[Source "ChessBase"]
[SourceQuality "1"]
[WhiteTeam "Azerbaijan"]
[BlackTeam "Germany"]
[WhiteTeamCountry "AZE"]
[BlackTeamCountry "GER"]
[TimeControl "40/5400+30:1800+30"]

1. c4 Nf6 2. Nc3 c5 3. Nf3 g6 4. d4 cxd4 5. Nxd4 Bg7 6. e4 d6 7. Be2 Nc6 8. Be3 O-O 9. O-O Bd7 10. Qd2 Qa5 11. f3 Rfc8 12. Rfd1 a6 13.
Nb3 Qc7 14. Nd5 Nxd5 15. cxd5 Ne5 16. Rac1 Qd8 17. f4 Ng4 18. Bd4 Bxd4+ 19. Qxd4 Rxc1 20. Rxc1 Rc8 21. Rxc8 Qxc8 22. Bxg4 Bxg4 23. Qc3 Qxc3 24. bxc3 Be2 25. Nd2 f6 26. Kf2 Bb5 27. Ke3 Kf7 28. Kd4 e5+ 29. dxe6+ Kxe6 30. g3 Be2 31. c4 b6 32. Nb1 b5 33. c5 dxc5+ 34. Kxc5 Bd3 35. Nd2 a5 36. Nb3 Bc4 37. Nd4+ Kd7 38. a3 Bd3 39. Nxb5 Bxe4 40. Nc3 Bc6 41. Kb6 a4 42. Ka5 g5 43. fxg5 fxg5 44. Nxa4 Kd6 45. Kb4 Ke5 46. Nc3 Kd4 47. Nb5+ Ke3 48. Kc5 Be4 49. a4 Kf2 50. a5 Kg2 51. a6 Kxh2 52. Nc7 Kxg3 53. Nd5 h5 54. a7 Bxd5 55. Kxd5 1-0

[Event "23rd ETCC Women 2021"]
[Site "Catez"]
[Date "2021.11.15"]
[Round "4.21"]
[White "Tsolakidou, Stavroula"]
[Black "Peptan, Corina-Isabela"]
[Result "1-0"]
[ECO "D20"]
[WhiteElo "2377"]
[BlackElo "2385"]
[Annotator "NA"]
[PlyCount "83"]
[EventDate "2021.11.08"]
[EventType "team-tourn"]
[EventCountry "SLO"]
[SourceTitle "playchess.com"]
[Source "ChessBase"]
[SourceQuality "1"]
[WhiteTeam "Greece"]
[BlackTeam "Romania"]
[WhiteTeamCountry "GRE"]
[BlackTeamCountry "ROU"]
[TimeControl "40/5400+30:1800+30"]

1. d4 d5 2. c4 dxc4 3. e4 Nf6 4. e5 Nd5 5. Bxc4 Nc6 6. Ne2 Nb6 7. Bd3 Be6 8. Nbc3 Qd7 9. Be4 O-O-O 10. Be3 Bf5 11. Qb1 Bxe4 12. Qxe4 e6 13. O-O Nb4 14. Rfc1 N4d5 15. a4 a6 16. a5 Nc4 17. Nxd5 exd5 18. Qc2 Nxe3 19. fxe3 h5 20. Nf4 Rh6 21. Nxd5 Rc6 22. Nc3 h4 23. Rf1 f6 24. Qf5 Re6 25. Rad1 Be7 26. e4 g6 27. Qh3 fxe5 28. dxe5 Qc6 29. Nd5 Re8 30. Rc1 Bc5+ 31. Kh1 Kb8 32. b4 Rxe5 33. Rxc5 Qa4 34. Nf6 Rxc5 35. bxc5 Rd8 36. Qc3 Rd1 37. Kg1 Rd8 38. e5 Qc6 39. Qe3 h3 40. gxh3 Qb5 41. e6 Rd3 42. Qe5 1-0

[Event "23rd ETCC Women 2021"]
[Site "Catez"]
[Date "2021.11.15"]
[Round "4.22"]
[White "Cosma, Elena-Luminita"]
[Black "Avramidou, Anastasia"]
[Result "1/2-1/2"]
[ECO "D35"]
[WhiteElo "2281"]
[BlackElo "2217"]
[Annotator "NA"]
[PlyCount "82"]
[EventDate "2021.11.08"]
[EventType "team-tourn"]
[EventCountry "SLO"]
[SourceTitle "playchess.com"]
[Source "ChessBase"]
[SourceQuality "1"]
[WhiteTeam "Romania"]
[BlackTeam "Greece"]
[WhiteTeamCountry "ROU"]
[BlackTeamCountry "GRE"]
[TimeControl "40/5400+30:1800+30"]

1. d4 d5 2. Nf3 Nf6 3. c4 e6 4. g3 h6 5. Bg2 Bd6 6. Nc3 O-O 7. O-O Nc6 8. cxd5 exd5 9. Nb5 Be7 10. Ne5 Nxe5 11. dxe5 Ne4 12. Be3 c6 13. Bxe4 dxe4 14. Nd6 Bxd6 15. exd6 Be6 16. Qd4 Bd5 17. Bd2 Qb6 18. Qxb6 axb6 19. a4 Rfd8 20. a5 bxa5 21. Bxa5 Rxd6 22. Rfd1 Rd7 23. Bc3 Rxa1 24. Rxa1 f6 25. h4 c5 26. Kf1 b5 27. Ke1 Bb3 28. Bd2 Ba4 29. Ra3 c4 30. Re3 Bc2 31. Rc3 Bb3 32. f3 exf3 33. exf3 Ra7 34. Re3 Ra1+ 35. Kf2 Rb1 36. Bc3 b4 37. Re1 Bd1 38. Bd4 Kf7 39. Ke3 Bc2 40. Rxb1 Bxb1 41. Bc5 b3 1/2-1/2